 Dungeon Crawl Stone Soup version 0.17-a0-186-g8d083fd (webtiles) character file.

53 Tabbe the Covered (level 3, -2/23 HPs)
             Began as a Gargoyle Fighter on Mar 27, 2015.
             Killed from afar by Ijyb (12 damage)
             ... with a wand of flame
             ... on level 2 of the Dungeon.
             The game lasted 00:01:47 (1152 turns).

Tabbe the Covered (Gargoyle Fighter)                Turns: 1152, Time: 00:01:47

Health: -2/23      AC: 10    Str: 19    XL:     3   Next: 87%
Magic:  3/3        EV:  7    Int:  9    God:
Gold:   113        SH:  9    Dex:  9    Spells: 0 memorised, 2 levels left

rFire  . . .     SeeInvis .     a - +0 flail
rCold  . . .     Clarity  .     b - +0 scale mail
rNeg   + + .     SustAb   .     c - +0 shield
rPois  ∞         Gourm    .     (no helmet)
rElec  +         Spirit   .     (no cloak)
rCorr  .         Warding  .     (no gloves)
rMut   .         Stasis   .     (no boots)
MR     .....                    (no amulet)
Stlth  ..........               (no ring)
                                o - ring of positive energy

@: not resistant to hostile enchantments, extremely unstealthy
A: negative energy resistance 1, electricity resistance, unbreathing,
petrification resistance, rot immunity, AC +3
a: no special abilities


You were on level 2 of the Dungeon.
You were very hungry.

You visited 1 branch of the dungeon, and saw 2 of its levels.

You collected 113 gold pieces.

Inventory:

Hand weapons
 a - a +0 flail (weapon)
Armour
 b - a +0 scale mail (worn)
 c - a +0 shield (worn)
Jewellery
 o - a ring of positive energy (left hand)
Magical devices
 n - a wand of fireball (8)
Scrolls
 g - a scroll of random uselessness {unknown}
 k - 2 scrolls of identify {unknown}
 q - a scroll of fog {unknown}
 s - a scroll of blinking {unknown}
Potions
 e - a potion of might
 h - a potion of resistance {unknown}
 i - a potion of curing {unknown}
 l - a potion of restore abilities {unknown}
 m - a potion of heal wounds {unknown}
 r - a potion of flight {unknown}
 t - a potion of agility {unknown}
 u - a potion of lignification {unknown}
Comestibles
 d - 2 bread rations
 f - a beef jerky
 j - 7 fruits
 p - a slice of pizza
 v - a meat ration


   Skills:
 - Level 3.2 Fighting
 + Level 2.6 Maces & Flails
 + Level 4.2 Armour
 + Level 3.8 Shields


You had 2 spell levels left.
You didn't know any spells.

Dungeon Overview and Level Annotations

Branches:
Dungeon (2/15)

Altars:

Annotations:
D:2 Ijyb


Innate Abilities, Weirdness & Mutations

You are resistant to torment.
You are immune to poison.
Your stone body is very resilient (AC +3).
You resist negative energy.
You are resistant to electric shocks.
You can survive without breathing.
You are immune to petrification.
You are immune to rotting.


Message History

The kobold hits you but does no damage. The ooze hits you but does no damage.
Ijyb hits you but does no damage.
You barely miss the ooze.
The ooze is almost dead.
The kobold barely misses you. The ooze hits you but does no damage.
You block Ijyb's attack. The kobold hits you but does no damage.
You hit the ooze.
The ooze is almost dead.
Ijyb zaps a wand.
You block the puff of flame.
It is a wand of flame.
The ooze hits you but does no damage. The kobold hits you but does no damage.
You hit the ooze!
You kill the ooze!
Ijyb zaps a wand.
You block the puff of flame. The kobold hits you but does no damage.
Ijyb zaps a wand.
The puff of flame hits you! The kobold hits you but does no damage.
You hit Ijyb but do no damage.
Ijyb zaps a wand.
The puff of flame hits you! The kobold hits you but does no damage.
You hit Ijyb but do no damage.
Ijyb zaps a wand.
The puff of flame hits you!
Ouch! That really hurt!
You die...

.....##.#.######...#####.#####...
....####......'...+ #..# #### .
########...# ##.## #### #...#
###..###... #...##.#......+...
#######.....#.##..##..†
#.......=..##.###.##...
#..........+..# #.####'
#....g@....#### #.## #.
#.....K....#.####..###.
#..........#.........#.
#..........#.#####.#.#.
........!...# #...#. ........(..#
######..#. .#########..........).
.......[.. ........<.


You could see Ijyb and a kobold.

Vanquished Creatures
  A giant mite (D:1)
  A worm (D:2)
  2 giant geckos
  An ooze (D:2)
  4 bats
  5 goblins
  3 hobgoblins (D:1)
  2 kobolds
  A quokka (D:2)
  A ball python (D:1)
  4 giant cockroaches
  9 giant newts
  4 rats
38 creatures vanquished.

Notes
Turn   | Place    | Note
--------------------------------------------------------------
     0 | D:1      | Tabbe, the Gargoyle Fighter, began the quest for the Orb.
     0 | D:1      | Reached XP level 1. HP: 14/14 MP: 1/1
   137 | D:1      | Reached XP level 2. HP: 13/19 MP: 2/2
   445 | D:1      | Reached skill level 4 in Armour
   445 | D:1      | Reached XP level 3. HP: 23/23 MP: 3/3
  1143 | D:2      | Noticed Ijyb
  1152 | D:2      | Killed from afar by Ijyb

Action                   || total
-------------------------++-------
Melee: Flail             ||   192
